 Dungeon Crawl Stone Soup version 0.22-a0-617-g6d95e9e (webtiles) character file.

111 Hebeh the Magician (level 4, -2/24 HPs)
             Began as a Deep Elf Fire Elementalist on July 12, 2018.
             Slain by an orc wizard
             ... wielding a +0 dagger
              (3 damage)
             ... on level 2 of the Dungeon.
             The game lasted 00:14:31 (2747 turns).

Hebeh the Magician (Deep Elf Fire Elementalist)     Turns: 2747, Time: 00:14:31

Health: -2/24      AC:  2    Str:  5    XL:     4   Next: 62%
Magic:  3/12       EV: 13    Int: 21    God:
Gold:   170        SH:  0    Dex: 15    Spells: 2/11 levels left

rFire    . . .     SeeInvis .   a - +2 dagger (speed)
rCold    . . .     Gourm    .   (no shield)
rNeg     . . .     Faith    .   j - +0 robe
rPois    .         Spirit   .   (no helmet)
rElec    .         Reflect  .   (no cloak)
rCorr    .         Harm     .   (no gloves)
MR       .....                  (no boots)
Stlth    ++........             (no amulet)
HPRegen  0.08/turn              (no ring)
MPRegen  0.13/turn              (no ring)

@: no status effects
A: no striking features
a: no special abilities


You were on level 2 of the Dungeon.
You were hungry.

You visited 1 branch of the dungeon, and saw 3 of its levels.

You collected 170 gold pieces.

Inventory:

Hand Weapons
 a - a +2 dagger of speed (weapon)
Missiles
 f - 3 tomahawks (quivered)
 g - 25 bolts
 h - 20 arrows
 t - 5 stones
Armour
 j - a +0 robe (worn)
Scrolls
 b - a scroll of amnesia {unknown}
 e - a scroll of fear {unknown}
 i - a scroll of enchant weapon {unknown}
 l - 2 scrolls of fog {unknown}
 m - 2 scrolls of identify {unknown}
 o - 2 scrolls of remove curse {unknown}
Potions
 d - a potion of cancellation {unknown}
 k - a potion of brilliance {unknown}
 n - a potion of haste {unknown}
 q - a potion of agility {unknown}
 s - a potion of curing {unknown}
Comestibles
 c - 8 rations


   Skills:
 - Level 2.4 Dodging
 - Level 2.4 Stealth
 + Level 4.2 Spellcasting
 * Level 3.5 Conjurations
 + Level 4.1 Fire Magic


You had 2 spell levels left.
You knew the following spells:

 Your Spells              Type           Power        Failure   Level  Hunger
a - Flame Tongue          Conj/Fire      ###..        2%          1    None
b - Throw Flame           Conj/Fire      ###...       3%          2    #......
c - Conjure Flame         Conj/Fire      ###.....     8%          3    ###....
d - Inner Flame           Hex/Fire       ##......     16%         3    ###....

Your spell library contained the following spells:

 Spells                   Type           Power        Failure   Level  Hunger
 Fireball                 Conj/Fire      ###.......   56%         5    ######.
 Sticky Flame             Conj/Fire      ###.....     24%         4    ####...


Dungeon Overview and Level Annotations

Branches:
Dungeon (3/15)

Altars:


Message History

You are confused.
In your confused state, you trip and fall back down the stairs.
The gnoll closely misses you. The gnoll closely misses you.
In your confused state, you trip and fall back down the stairs.
The orc wizard barely misses you. The gnoll hits you with a whip!
* * * LOW HITPOINT WARNING * * *
The orc wizard hits you with a dagger.
* * * LOW HITPOINT WARNING * * *
The gnoll barely misses you.
You climb upwards.
You feel less confused.
There is a stone staircase leading down here.
Casting: Flame Tongue (safe; 2% risk of failure)
Confirm with . or Enter, or press ? or * to list all spells.
Aiming: Flame Tongue (safe; 2% risk of failure)
Press: ? - help, Shift-Dir - straight line, f - orc wizard
Aim: an orc wizard, wielding a dagger and wearing a robe (heavily wounded)
The flame tongue misses the orc wizard.
The orc wizard hits you with a dagger.
You die...

#..#########).##.#.###
....................######
#[.....).....###..#......#
..############ #..########
### #..# ######..####
#..........# #....o.g...#
#.....@....# ############


You could see an orc wizard and a gnoll.

Vanquished Creatures
  5 gnolls
  An ooze (D:2)
  2 leopard geckos
  3 orcs
  5 giant cockroaches
  7 goblins
  4 hobgoblins
  4 jackals (D:1)
  A quokka (D:2)
  6 bats
  A frilled lizard (D:2)
  7 kobolds
  4 rats
  A fungus (D:1)
51 creatures vanquished.

Notes
Turn   | Place    | Note
-------+----------+-------------------------------------------
     0 | D:1      | Hebeh the Deep Elf Fire Elementalist began the quest for the Orb.
     0 | D:1      | Reached XP level 1. HP: 10/10 MP: 6/6
   187 | D:1      | Reached XP level 2. HP: 15/15 MP: 5/8
  1090 | D:2      | Reached XP level 3. HP: 19/19 MP: 3/10
  1848 | D:3      | Learned a level 2 spell: Throw Flame
  1852 | D:3      | Learned a level 3 spell: Conjure Flame
  1856 | D:3      | Learned a level 3 spell: Inner Flame
  1905 | D:3      | Reached XP level 4. HP: 11/24 MP: 0/11
  2745 | D:3      | HP: 1/24 [orc wizard/dagger (4)]
  2747 | D:2      | Slain by an orc wizard

Vault maps used:
D:1:      kilobyte_arrival_exit_the_forest, minmay_gold_behind_fungi
D:3:      kb_xom_exploding_sheep, first_ration, minmay_misc_feat_rugged,
          uniq_sigmund

Skill      XL: |  1  2  3  4 |
---------------+-------------+-----
Conjurations   | 2 3 |  3.5
Spellcasting   | 4 |  4.2
Fire Magic     | 4 |  4.1
Dodging        | |  2.4
Stealth        | |  2.4

Action                   |  1- 3 |  4- 6 || total
-------------------------+-------+-------++-------
Melee: Dagger            |    24 |       ||    24
Throw: Javelin           |       |     5 ||     5
       Stone             |       |     5 ||     5
 Cast: Flame Tongue      |    73 |    24 ||    97
       Conjure Flame     |     1 |     4 ||     5
       Throw Flame       |       |     4 ||     4
       Inner Flame       |       |     1 ||     1
  Eat: Chunk             |     3 |     2 ||     5
Armor: Robe              |     4 |       ||     4
Dodge: Dodged            |    12 |    11 ||    23

Table legend:
 A = Spawn XP
 B = Non-spawn XP
 C = Spawn XP percentage of total XP
 D = Spawn monster count
 E = Non-spawn monster count
 F = Spawn count percentage of total count
 G = Total turns spent on level
                    A         B        C        D         E        F      G
               +---------+---------+-------+---------+---------+-------+---------
         Total |       0 |     159 |   0.0 |       0 |      50 |   0.0 |  2747
               +---------+---------+-------+---------+---------+-------+---------
           D:1 |       0 |      34 |   0.0 |       0 |      19 |   0.0 |  1138
           D:2 |       0 |      51 |   0.0 |       0 |      19 |   0.0 |   916
           D:3 |       0 |      74 |   0.0 |       0 |      12 |   0.0 |   693
               +---------+---------+-------+---------+---------+-------+---------
